 Dungeon Crawl Stone Soup version 0.18.1-5-g4a78601 (webtiles) character file.

203 Gottschkopf the Sneak (level 6, -1/41 HPs)
             Began as a Human Enchanter on May 12, 2016.
             Slain by a gnoll
             ... wielding a +0 club
              (5 damage)
             ... on level 3 of the Dungeon.
             The game lasted 00:06:58 (2681 turns).

Gottschkopf the Sneak (Human Enchanter)             Turns: 2681, Time: 00:06:59

Health: -1/41      AC:  3    Str:  8    XL:     6   Next: 8%
Magic:  2/9        EV: 12    Int: 15    God:
Gold:   46         SH:  0    Dex: 16    Spells: 2 memorised, 6 levels left

rFire  . . .     SeeInvis .     a - +1 dagger
rCold  . . .     Gourm    .     b - +1 robe
rNeg   . . .     Faith    .     (no shield)
rPois  .         Spirit   .     (no helmet)
rElec  .         Dismiss  .     (no cloak)
rCorr  .         Reflect  .     (no gloves)
SustAt .         Harm     .     (no boots)
MR     .....                    (no amulet)
Stlth  +++.......               (no ring)
                                (no ring)

@: very slightly contaminated, not resistant to hostile enchantments, fairly
stealthy
A: no striking features
a: no special abilities


You were on level 3 of the Dungeon.
You were very hungry.

You visited 1 branch of the dungeon, and saw 3 of its levels.

You collected 46 gold pieces.

Inventory:

Hand Weapons
 a - a +1 dagger (weapon)
 s - a +1 flail of holy wrath
Armour
 b - a +1 robe (worn)
Scrolls
 h - 2 scrolls of identify {unknown}
 k - 3 scrolls of remove curse {unknown}
 l - a scroll of recharging {unknown}
 o - a scroll of immolation {unknown}
 u - a scroll of fog {unknown}
Potions
 e - a potion of might {unknown}
 g - 2 potions of lignification {unknown}
 i - a potion of ambrosia {unknown}
 m - a potion of heal wounds {unknown}
 n - 2 potions of flight {unknown}
 p - 2 potions of curing
 t - a potion of degeneration {unknown}
Books
 c - a book of Maledictions

   Spells                             Type                      Level
   a - Corona                         Hexes                        1
   b - Ensorcelled Hibernation        Hexes/Ice                    2
   c - Confuse                        Hexes                        3
   d - Tukima's Dance                 Hexes                        3
   e - Dazzling Spray                 Conjuration/Hexes            3
Miscellaneous
 f - a plain deck of wonders
Comestibles
 d - 2 bread rations
 j - 2 slices of pizza
 r - 2 fruits


   Skills:
 - Level 1.0 Short Blades
 - Level 2.0 Dodging
 * Level 6.7 Stealth
 - Level 2.0 Spellcasting
 - Level 3.0 Hexes
 - Level 0.2 Ice Magic


You had 6 spell levels left.
You knew the following spells:

 Your Spells              Type           Power        Failure   Level  Hunger
a - Corona                Hex            ##.....      8%          1    #......
b - Ensorcelled Hibernat  Hex/Ice        #.....       17%         2    ###....


Dungeon Overview and Level Annotations

Branches:
Dungeon (3/15)

Altars:
Makhleb
Nemelex Xobeh
Okawaru
Trog


Message History

You miscast Ensorcelled Hibernation.
You are very lightly contaminated with residual magic.
You shiver with cold.
The gnoll hits you with a club.
Casting: Ensorcelled Hibernation
Confirm with . or Enter, or press ? or * to list all spells.
Aiming: Ensorcelled Hibernation
Press: ? - help, Shift-Dir - straight line, f/p - gnoll
Aim: a gnoll, wielding a club (chance to defeat MR: 47%)
The gnoll resists with some effort.
The gnoll hits you with a club.
Casting: Ensorcelled Hibernation
Confirm with . or Enter, or press ? or * to list all spells.
You don't have enough magic to cast that spell.
Unknown command.
You barely miss the gnoll. The gnoll hits you with a club.
* * * LOW HITPOINT WARNING * * *
You barely miss the gnoll. The gnoll hits you but does no damage.
You closely miss the gnoll. The gnoll hits you with a club!
* * * LOW HITPOINT WARNING * * *
The gnoll hits you with a club.
You die...

.......# #....#
.......##########..#.##
......[..(...).....#..
...........#######.#.#
................##...###+###
..#####....####.####.#.....#
.##.###....##...#..#.#.....#
##..÷###...##.###..#.#.....#.#
#..#..##.((....(@.........>#.#
#.###..#.####.###g.#.#####.#.#
...##.....# #.#.<..#.# #.
.#### (†.###....# #.#..#.#.#
.##..... _.## #....#
#.#..#.#.# ....... ∩##
##..####.#....#.######......
## ##.).##.##...#.##..).......
#..........#.#.##.##.......
#.......##.#.#g##..#(......


You could see a gnoll.

Vanquished Creatures
  A hound (D:3)
  5 adders
  6 gnolls (D:3)
  2 oozes
  2 worms (D:3)
  A dart slug (D:2)
  An orc (D:3)
  A ball python (D:3)
  8 bats
  2 giant cockroaches
  9 goblins
  3 hobgoblins
  2 jackals (D:2)
  8 kobolds
  3 giant newts
  7 rats
61 creatures vanquished.

Notes
Turn   | Place    | Note
--------------------------------------------------------------
     0 | D:1      | Gottschkopf the Human Enchanter began the quest for the Orb.
     0 | D:1      | Reached XP level 1. HP: 13/13 MP: 3/3
   137 | D:1      | Reached XP level 2. HP: 13/19 MP: 5/5
   827 | D:2      | Reached skill level 4 in Stealth
   857 | D:2      | Reached XP level 3. HP: 8/24 MP: 4/6
  1059 | D:2      | Found an iron altar of Okawaru.
  1110 | D:2      | Learned a level 2 spell: Ensorcelled Hibernation
  1276 | D:2      | Reached XP level 4. HP: 16/30 MP: 2/7
  1437 | D:2      | Reached skill level 5 in Stealth
  1475 | D:2      | Found a bloodstained altar of Trog.
  2013 | D:3      | Found a sparkling altar of Nemelex Xobeh.
  2093 | D:3      | Reached XP level 5. HP: 35/35 MP: 2/8
  2097 | D:3      | Found a burning altar of Makhleb.
  2122 | D:3      | Reached skill level 6 in Stealth
  2339 | D:3      | Reached XP level 6. HP: 17/41 MP: 2/9
  2681 | D:3      | Slain by a gnoll

Skill      XL: |  1  2  3  4  5 |
---------------+----------------+-----
Stealth        | 4 5 6 |  6.7
Short Blades   | |  1.0
Dodging        | |  2.0
Spellcasting   | |  2.0
Hexes          | |  3.0
Ice Magic      | |  0.2

Action                   |  1- 3 |  4- 6 || total
-------------------------+-------+-------++-------
Melee: Dagger            |    93 |    91 ||   184
 Cast: Corona            |    12 |       ||    12
       Ensorcelled Hiber |     5 |    28 ||    33
  Use: Potion            |     1 |       ||     1
 Stab: Distracted        |     1 |       ||     1
       Sleeping          |     5 |    21 ||    26
  Eat: Chunk             |     2 |     5 ||     7
Armor: Robe              |    27 |    14 ||    41
Dodge: Dodged            |    56 |    47 ||   103
